Map: Aura mortal EE

Players

HanibalBarca

  • Race: Terran Terran
  • League: Gold
  • Spawn Location: 5:00

MrFercho - Winner!

  • Race: Zerg Zerg
  • League: Gold
  • Spawn Location: 11:00

VOD

Have the link to the VOD?

Description

Time

  • Played on: July 20, 2020, 6:44 p.m.
  • Length: 23:02
Show
View Real Time Build Order
Export as new Build Order

HanibalBarca Terran 

Build Orders:  

Get SALT Encoding   

  12  0:12  Supply Depot  
  12  0:13  SCV  
  13  0:25  SCV  
  14  0:36  Refinery  
  14  0:37  Refinery  
  14  0:46  SCV  
  15  0:57  Barracks  
  15  0:59  SCV  
  16  1:16  SCV  
  17  1:28  SCV  
  18  1:44  Orbital Command  
  18  1:48  Factory  
  18  2:04  Supply Depot  
  18  2:11  Supply Depot  
  18  2:12  SCV  
  19  2:24  SCV  
  20  2:36  SCV  
  21  2:37  Starport  
  21  2:48  SCV  
  21  2:51  Factory Tech Lab  
  22  2:55  Barracks Tech Lab  
  22  3:00  SCV  
  23  3:09  Siege Tank  
  23  3:12  SCV  
  27  3:17  Viking  
  29  3:24  SCV  
  30  3:36  SCV, Fusion Core  
  31  3:42  Siege Tank  
  34  3:48  SCV  
  35  4:00  SCV  
  36  4:13  SCV  
  37  4:17  Starport Tech Lab  
  37  4:18  Command Center  
  37  4:25  SCV  
  38  4:32  Factory Tech Lab  
  38  4:37  SCV  
  38  4:38  Armory  
  39  4:43  Engineering Bay  
  39  5:16  Supply Depot  
  39  5:19  Supply Depot  
  39  5:24  SCV, Liberator  
  39  5:27  Supply Depot  
  43  5:48  Planetary Fortress  
  43  5:56  Factory Tech Lab  
  43  6:07  Battlecruiser  
  43  6:10  Refinery  
  49  6:11  Refinery  
  49  6:19  Starport  
  49  6:35  Starport  
  49  6:53  Command Center  
  49  6:55  Starport  
  49  7:05  Command Center  
  49  7:16  Missile Turret x2  
  49  7:17  Missile Turret  
  49  7:18  Missile Turret  
  49  7:29  Missile Turret  
  49  7:35  Missile Turret  
  49  7:37  Missile Turret  
  49  7:40  Missile Turret  
  49  7:41  Missile Turret  
  49  7:44  Missile Turret  
  49  7:51  Missile Turret  
  49  7:56  Missile Turret  
  49  8:07  Orbital Command  
  49  8:11  Cloaking Field, Hyperflight Rotors  
  49  8:17  Orbital Command  
  49  8:27  Drilling Claws  
  49  8:39  Barracks Tech Lab  
  49  8:40  Factory  
  49  8:44  Factory  
  49  8:55  Factory  
  49  9:05  Banshee x2  
  49  9:06  Banshee  
  58  9:10  Orbital Command  
  58  9:11  Banshee  
  61  9:49  Banshee x2  
  61  9:50  Banshee  
  70  9:54  Terran Ship Weapons Level 1, Battlecruiser  
  76  10:02  Widow Mine x3  
  84  10:07  Widow Mine  
  84  10:23  Widow Mine  
  86  10:32  Battlecruiser  
  90  10:57  Widow Mine  
  90  10:58  Widow Mine x3  
  98  11:06  Supply Depot  
  98  11:10  Supply Depot  
  98  11:13  Supply Depot  
  98  11:19  Widow Mine x4  
  106  11:40  Widow Mine  
  108  11:48  Terran Vehicle Weapons Level 1  
  90  12:36  Banshee x3  
  90  12:37  Banshee  
  102  12:49  Ghost Academy  
  102  12:55  Siege Tank  
  105  13:19  Banshee x3  
  114  13:21  Personal Cloaking  
  114  13:27  Siege Tank  
  117  13:54  Banshee  
  120  14:02  Banshee x2  
  126  14:31  Siege Tank  
  126  14:32  Widow Mine x2  
  133  15:03  Siege Tank  
  99  16:13  Battlecruiser x2  
  107  16:39  Ghost  
  101  16:49  Orbital Command  
  101  17:33  Nuke  
  101  17:45  SCV  
  101  17:51  Widow Mine x3  
  108  17:57  SCV  
  109  18:09  SCV  
  109  18:12  Refinery, Widow Mine x3  
  116  18:16  Widow Mine  
  118  18:21  SCV  
  118  18:23  Refinery  
  119  18:29  Sensor Tower  
  119  18:33  SCV, Widow Mine x2  
  119  18:34  Widow Mine  
  126  18:36  Sensor Tower  
  126  18:38  Widow Mine  
  126  18:55  Widow Mine x2  
  105  19:48  Ghost  
  101  19:54  Widow Mine x3  
  107  20:15  Widow Mine x3  
  107  20:17  Ghost  
  107  20:19  Terran Vehicle And Ship Armor Level 1  
  115  20:37  Widow Mine x3  
  115  20:41  Nuke  
  121  20:45  Ghost, Ghost Academy  
  122  20:52  Ghost Academy x2  
  122  20:54  Ghost Academy  
  119  20:58  Widow Mine x2  
  109  21:14  Ghost  
  109  21:18  Widow Mine  
  113  21:19  Widow Mine x2  
  108  21:39  Widow Mine  
  104  21:41  Widow Mine x2  
  104  21:42  Ghost  
  104  21:46  Nuke x4  
Show
View Real Time Build Order
Export as new Build Order

MrFercho Zerg - Winner!

Build Orders: Hatch First 

Get SALT Encoding   

  12  0:06  Drone  
  13  0:17  Overlord  
  13  0:18  Drone  
  14  0:39  Drone x2  
  16  1:04  Hatchery  
  16  1:06  Drone x3  
  18  1:20  Extractor  
  18  1:24  Spawning Pool  
  16  1:26  Drone  
  16  1:28  Drone  
  18  1:39  Drone  
  19  1:53  Drone  
  20  2:00  Drone  
  21  2:17  Queen  
  21  2:18  Queen  
  21  2:19  Overlord  
  21  2:20  Overlord  
  25  2:27  Drone  
  25  2:28  Drone  
  27  2:34  Drone  
  28  2:45  Metabolic Boost  
  28  2:47  Zergling x2  
  28  2:48  Zergling x2  
  30  3:03  Lair  
  30  3:23  Drone x6  
  36  3:33  Drone  
  36  3:34  Drone x5  
  42  3:41  Extractor  
  42  3:43  Queen, Extractor  
  42  3:52  Baneling Nest  
  42  3:53  Evolution Chamber  
  40  4:01  Overlord x3  
  40  4:20  Zerg Ground Armor Level 1  
  39  4:39  Drone x3  
  39  4:41  Drone x3  
  39  4:45  Zergling x14  
  52  5:05  Queen  
  54  5:07  Drone  
  54  5:08  Drone x3  
  58  5:19  Baneling x2  
  58  5:20  Baneling x8  
  58  5:22  Zergling x2  
  58  5:23  Hatchery, Overlord  
  58  5:24  Overlord x3  
  58  5:30  Hydralisk Den  
  58  5:31  Drone  
  58  5:47  Evolution Chamber  
  57  5:52  Overlord x2  
  57  6:13  Muscular Augments  
  57  6:14  Hatchery  
  57  6:15  Zerg Missile Weapons Level 1  
  56  6:28  Zergling x18  
  65  6:51  Centrifical Hooks  
  65  6:54  Zerg Ground Armor Level 2  
  65  6:58  Drone x8  
  73  7:17  Drone  
  73  7:18  Drone x6  
  80  7:24  Grooved Spines  
  80  7:31  Infestation Pit  
  80  7:35  Lurker Den, Hydralisk  
  80  7:36  Hydralisk  
  82  7:38  Overlord x2  
  82  7:39  Zergling x2  
  82  7:40  Zergling x12  
  89  8:21  Hydralisk x8  
  105  8:33  Pneumatized Carapace  
  105  8:36  Extractor  
  105  8:37  Extractor  
  103  8:56  Hatchery  
  103  8:58  Hydralisk x4  
  110  9:19  Extractor  
  110  9:23  Zerg Missile Weapons Level 2  
  109  9:47  Overlord x4  
  109  9:48  Overlord  
  109  9:51  Drone x12  
  109  9:52  Drone x9  
  130  10:21  Hydralisk x4  
  130  10:22  Hydralisk x8  
  154  10:43  Drone x10  
  164  11:03  Baneling x2  
  164  11:04  Baneling x5  
  164  11:07  Hive  
  164  11:17  Spire  
  163  11:27  Spore Crawler  
  163  11:32  Overlord x4  
  162  11:34  Extractor  
  162  11:35  Extractor  
  162  11:36  Spore Crawler  
  157  11:42  Overseer  
  157  11:43  Overseer x2  
  157  11:45  Hydralisk  
  157  11:46  Hydralisk x7  
  173  11:53  Hydralisk Den  
  172  11:57  Baneling Nest  
  157  12:17  Drone x10  
  167  12:43  Overseer  
  167  12:50  Spore Crawler, Drone  
  167  12:51  Spore Crawler, Drone x2  
  169  12:52  Spore Crawler  
  167  13:07  Drone  
  167  13:08  Drone x8  
  176  13:25  Hatchery  
  176  13:26  Extractor  
  174  13:28  Extractor  
  174  13:31  Spawning Pool  
  172  13:35  Hydralisk Den  
  172  13:38  Spire  
  170  13:58  Zerg Melee Weapons Level 1, Zerg Missile Weapons Level 3  
  170  14:04  Hydralisk x5  
  170  14:05  Hydralisk x4  
  188  14:25  Hatchery  
  187  14:33  Overlord x3  
  187  14:34  Overlord x4  
  187  14:35  Overlord  
  187  14:41  Hatchery  
  186  14:53  Spore Crawler  
  186  14:56  Spore Crawler  
  186  14:58  Spore Crawler  
  183  15:03  Spore Crawler  
  183  15:04  Hatchery  
  178  15:20  Spore Crawler  
  165  15:42  Hydralisk x5  
  145  15:43  Hydralisk x12  
  149  15:51  Drone  
  113  16:00  Hatchery  
  102  16:18  Drone x6  
  107  16:19  Drone x3  
  107  16:41  Spine Crawler  
  107  16:44  Spine Crawler  
  105  16:50  Corruptor  
  105  16:51  Corruptor x13  
  133  16:55  Greater Spire  
  133  16:58  Drone  
  134  17:08  Zergling x2  
  134  17:09  Zergling x8  
  136  17:27  Overseer  
  136  17:42  Overlord  
  136  17:52  Corruptor  
  136  17:53  Corruptor x15  
  163  18:16  Overseer  
  163  18:28  Zerg Flyer Armor Level 1  
  163  18:32  Brood Lord x8  
  179  19:07  Drone x9  
  179  19:09  Drone x3  
  189  20:01  Hatchery  
  188  20:20  Hatchery, Brood Lord x6  
Tags
 
League
GoldGold
Matchup
TvZ
Replay Pack
MrFercho
Spawn Locations
Cross Positions
Add a new tag
Caveats
  • Supply blocks, unpowered buildings, or Contaminate may cause inaccurate times.
  • Supply counts are checked every 10 seconds.